 Dungeon Crawl Stone Soup version 0.28-a0-1038-g9c4cb8273d (webtiles) character file.

Game seed: 7525261530240860710

60 vineage the Skirmisher (level 3, 0/37 HPs)
             Began as a Minotaur Fighter on Dec 8, 2021.
             Slain by a worm (4 damage)
             ... on level 2 of the Dungeon.
             The game lasted 00:01:02 (1079 turns).

vineage the Skirmisher (Minotaur Fighter)           Turns: 1079, Time: 00:01:03

Health: 0/37       AC:  6    Str: 20    XL:     3   Next: 80%
Magic:  2/2        EV:  9    Int:  5    God:
Gold:   43         SH:  4    Dex: 11    Spells: 2/2 levels left

rFire   . . .      SeeInvis .   a - +1 flail (flame)
rCold   . . .      Faith    .   c - +0 buckler
rNeg    . . .      Spirit   .   b - +0 scale mail
rPois   .          Reflect  .   (helmet restricted)
rElec   .          Harm     .   (no cloak)
rCorr   .          Rampage  .   (no gloves)
Will    .....                   (no boots)
Stlth   ..........              (no amulet)
HPRegen 0.12/turn               (no ring)
MPRegen 0.08/turn               (no ring)

@: mighty
A: horns 2, retaliatory headbutt
a: no special abilities


You were on level 2 of the Dungeon.
You visited 1 branch of the dungeon, and saw 2 of its levels.

You collected 43 gold pieces.

Inventory:

Hand Weapons
 a - a +1 flail of flaming (weapon)
Armour
 b - a +0 scale mail (worn)
 c - a +0 buckler (worn)
Scrolls
 e - a scroll of vulnerability
 i - a scroll of blinking


   Skills:
 + Level 5.8 Fighting
 - Level 2.4 Maces & Flails
 - Level 3.6 Armour
 - Level 3.6 Shields


You had 2 spell levels left.
You didn't know any spells.
Your spell library contained the following spells:

 Spells                   Type           Power      Damage    Failure   Level
 Conjure Flame            Conj/Fire      0%         6-21      99%         3
 Ignite Poison            Fire/Tmut/Pois 0%         N/A       99%         3
 Sticky Flame             Conj/Fire      0%         2d3       100%        4


Dungeon Overview and Level Annotations

Branches:
Dungeon (2/15)

Altars:


Innate Abilities, Weirdness & Mutations

You have a pair of horns on your head.
You reflexively headbutt those who attack you in melee.


Message History

You kill the gnoll!
You feel your willpower return.
The gnoll hits you from afar with a +0 spear.
You have reached level 3!
Your experience leads to an increase in your attributes!
Increase (S)trength, (I)ntelligence, or (D)exterity?
You feel agile. x2
You feel very mighty all of a sudden.
The gnoll hits you from afar with a +0 spear!
The gnoll hits you from afar with a +0 spear.
You block the gnoll's attack.
Things that are here:
a +0 whip; a gnoll corpse You sock the gnoll!
You burn the gnoll.
You kill the gnoll!
The gnoll hits you but does no damage.
The gnoll hits you from afar with a +0 spear.
* * * LOW HITPOINT WARNING * * *
Found a robe.
The gnoll hits you but does no damage. x2
You see here a +0 spear.
You barely miss the gnoll. You headbutt the gnoll!
The gnoll is almost dead.
The gnoll hits you with a +0 spear.
* * * LOW HITPOINT WARNING * * *
The gnoll barely misses you.
You thump the gnoll! You burn the gnoll.
You kill the gnoll!
The gnoll closely misses you.
The ball python bites you but does no damage.
You block the ball python's attack.
You sock the ball python! You burn the ball python.
You kill the ball python!
The gnoll barely misses you. The gnoll closely misses you.
You thump the hobgoblin! You burn the hobgoblin.
You kill the hobgoblin!
The gnoll completely misses you.
You sock the worm! You burn the worm.
The worm is almost dead.
The gnoll completely misses you. The worm bites you.
You die...

#.#).........,,,*
#......####****,*
#.###.## *,* #.# #.# *,*
#.# #.# *,* #.# #.# *,*
#.# #.# *,* #)# #.#
******,** #@# #.#*
*,,,,,,,, *#w#*#..*
*>****,** **.g.,,,,***,*
*,* *.....,,,,**,****,*
#...P..,,,,,,,,,,,**
**#....P..,,*,,,***,,,
**,#.P.....P,*,,,***,**
**,*..P..[....*,,,**,,,*
*,***,,,,,,,,,,,,,*,,,,,


You could see a worm and a gnoll.

Vanquished Creatures
  3 gnolls (D:2)
  A dart slug (D:1)
  A bat (D:1)
  3 endoplasms (D:1)
  A giant cockroach (D:2)
  3 goblins (D:1)
  6 hobgoblins
  2 kobolds
  A quokka (D:1)
  2 ball pythons
  4 frilled lizards (D:1)
  A rat (D:1)
28 creatures vanquished.

Vanquished Creatures (others)
  7 plants (D:2)
7 creatures vanquished.

Grand Total: 35 creatures vanquished

Notes
Turn   | Place    | Note
-------+----------+-------------------------------------------
     0 | D:1      | vineage the Minotaur Fighter began the quest for the Orb.
     0 | D:1      | Reached XP level 1. HP: 19/19 MP: 0/0
    54 | D:1      | Reached skill level 4 in Fighting
   213 | D:1      | Reached XP level 2. HP: 28/28 MP: 1/1
   656 | D:1      | Found a faded altar of an unknown god.
   754 | D:1      | Reached skill level 5 in Fighting
  1071 | D:2      | Reached XP level 3. HP: 21/36 MP: 2/2
  1079 | D:2      | Slain by a worm

Illustrated notes

Levels and vault maps discovered:
D:1:      dpeg_arrival_boxorama, layout_basic,
          shapermc_ecumenical_altar_mp_urbaneastern
D:2:      layout_loops_ring, fountainhead, nicolae_grassy_gnolls

Skill      XL: |  1  2 |
---------------+-------+-----
Fighting       | 4 5 |  5.8
Maces & Flails | |  2.4
Armour         | |  3.6
Shields        | |  3.6

Action                   || total
-------------------------++-------
Melee: Flail             ||    48
       Headbutt          ||     6
  Use: Scroll            ||     5
       Potion            ||     1
Armor: Scale mail        ||    17
Dodge: Dodged            ||    24
Block: Buckler           ||    13

Table legend: (Time is in decaauts)
 A = Elapsed time spent in this place.
 B = Non-inter-level travel time spent in this place.
 C = Inter-level travel time spent in this place.
 D = Time resting spent in this place.
 E = Time spent auto-exploring this place.
 F = Levels seen in this place.
 G = Mean time per level.
                   A        B        C        D        E       F      G
               +--------+--------+--------+--------+--------+-----+--------+
         Total |   1092 |    960 |    132 |      0 |    803 |   2 |  546.0 |
       Dungeon |   1092 |    960 |    132 |      0 |    803 |   2 |  546.0 |
               +--------+--------+--------+--------+--------+-----+--------+

Top non-repeatable levels by time:
     D:1: 1048 daAuts
     D:2: 44 daAuts
